SAA
CHESAPEAKE CONTINENTALS @ LANCASTER FARMERS
08/11/2023
 
TOP OF THE 1ST
Chesapeake Continentals batting - Pitching for Lancaster Farmers : RHP Jurgen Sagebrecht
Pitching: RHP Jurgen Sagebrecht
Batting: RHB Gil Nichols 0-0: Ball
1-0: Swinging Strike
1-1: Ball
2-1: Foul Ball, location: 2F
2-2: Ball
3-2: Base on Balls
Batting: LHB Cole Thrash 0-0: Ball
1-0: Ball
2-0: Called Strike
2-1: Fielders Choice at 2nd, 3-6 (Groundball, 3)
Batting: RHB Mike Peterson 0-0: Ball
Cole Thrash is caught stealing 2nd base
1-0: Foul Ball, location: 2F
1-1: Foul Ball, location: 2F
1-2: SOLO HOME RUN (Flyball, 89XD), Distance : 421 ft
Batting: LHB Arturo Ballina 0-0: Ball
1-0: Ball
2-0: Ball
3-0: Base on Balls
Batting: SHB Thomas Sherman 0-0: Called Strike
Arturo Ballina steals 2nd base
0-1: Foul Ball, location: 2F
0-2: Foul Ball, location: 2F
0-2: Ball
1-2: Ground out 4-3 (Groundball, 4M)
Top of the 1st over - 1 run(s), 1 hit(s), 0 error(s), 1 left on base; Chesapeake 1 - Lancaster 0
BOTTOM OF THE 1ST
Lancaster Farmers batting - Pitching for Chesapeake Continentals : RHP Jim Unknown
Pitching: RHP Jim Unknown
Batting: RHB Barkley B. Cooltimes 0-0: Ball
1-0: Ball
2-0: Called Strike
2-1: Called Strike
2-2: Fly out, F7 (Flyball, 78M)
Batting: LHB Rob Wilson 0-0: Ball
1-0: Foul Ball, location: 2F
1-1: SINGLE (Groundball, 34D)
Batting: RHB Fred Meyer 0-0: Ball
1-0: Called Strike
1-1: SINGLE (Groundball, 6MD)
Rob Wilson to second
Runner from 2nd tries for 3rd, SAFE, no throw or cutoff
Batting: RHB Sean MacKnight 0-0: Called Strike
0-1: Called Strike
Fred Meyer is caught stealing 2nd base
0-2: Ball
1-2: Ball
2-2: SINGLE (Line Drive, 6MD)
Rob Wilson scores
Batting: LHB Manny Valentín 0-0: Foul Ball, location: 2F
0-1: Foul Ball, location: 2F
0-2: Ball
1-2: Foul Ball, location: 2F
1-2: Ball
2-2: Foul Ball, location: 2F
2-2: Ground out 1-3 (Groundball, 13S)
Bottom of the 1st over - 1 run(s), 3 hit(s), 0 error(s), 1 left on base; Chesapeake 1 - Lancaster 1
TOP OF THE 2ND
Chesapeake Continentals batting - Pitching for Lancaster Farmers : RHP Jurgen Sagebrecht
Batting: LHB Roberto Sánchez 0-0: Called Strike
0-1: Fly out, F8 (Flyball, 8LM)
Batting: RHB Ju-chan Pak 0-0: Swinging Strike
0-1: Swinging Strike
0-2: Foul Ball, location: 2F
0-2: Strikes out looking
Batting: RHB Miguel Cruz 0-0: Called Strike
0-1: Called Strike
0-2: Ground out 6-3 (Groundball, 6)
Top of the 2nd over - 0 run(s), 0 hit(s), 0 error(s), 0 left on base; Chesapeake 1 - Lancaster 1
BOTTOM OF THE 2ND
Lancaster Farmers batting - Pitching for Chesapeake Continentals : RHP Jim Unknown
Batting: RHB Chuck Wolf 0-0: Swinging Strike
0-1: Swinging Strike
0-2: SOLO HOME RUN (Flyball, 7D), Distance : 398 ft
Batting: RHB Domenic Gallard 0-0: Ball
1-0: Swinging Strike
1-1: Ball
2-1: Ball
3-1: Fly out, F9 (Flyball, 89M)
Batting: LHB Ramón Gómez 0-0: Fly out, F9 (Flyball, 89M)
Batting: LHB Brad Tillman 0-0: Called Strike
0-1: Ball
1-1: Ball
2-1: Ball
3-1: Swinging Strike
3-2: Strikes out swinging
Bottom of the 2nd over - 1 run(s), 1 hit(s), 0 error(s), 0 left on base; Chesapeake 1 - Lancaster 2
TOP OF THE 3RD
Chesapeake Continentals batting - Pitching for Lancaster Farmers : RHP Jurgen Sagebrecht
Batting: LHB Kichisaburo Otani 0-0: Swinging Strike
0-1: Foul Ball, location: 2F
0-2: Foul Ball, location: 2F
0-2: Foul Ball, location: 2F
0-2: Ball
1-2: Strikes out looking
Batting: RHB Gil Nichols 0-0: Ball
1-0: Called Strike
1-1: Ball
2-1: Ball
3-1: Foul Ball, location: 2F
3-2: Ground out 5-3 (Groundball, 5L)
Batting: LHB Cole Thrash 0-0: SINGLE (Line Drive, 6)
Batting: RHB Mike Peterson 0-0: Called Strike
Cole Thrash steals 2nd base
0-1: Ball
1-1: Ball
2-1: Swinging Strike
2-2: Strikes out swinging
Top of the 3rd over - 0 run(s), 1 hit(s), 0 error(s), 1 left on base; Chesapeake 1 - Lancaster 2
BOTTOM OF THE 3RD
Lancaster Farmers batting - Pitching for Chesapeake Continentals : RHP Jim Unknown
Batting: RHB Barkley B. Cooltimes 0-0: Ball
1-0: Ball
2-0: Swinging Strike
2-1: Ball
3-1: Swinging Strike
3-2: Strikes out swinging
Batting: LHB Rob Wilson 0-0: Ball
1-0: Called Strike
1-1: Ball
2-1: Called Strike
2-2: Foul Ball, location: 2F
2-2: Ball
3-2: Ground out U3 (Groundball, 3S)
Batting: RHB Fred Meyer 0-0: Ball
1-0: Ball
2-0: Swinging Strike
2-1: Ball
3-1: Base on Balls
Batting: RHB Sean MacKnight 0-0: Ball
1-0: Ball
2-0: Ball
3-0: Base on Balls
Fred Meyer to second
Batting: LHB Manny Valentín 0-0: Ball
1-0: Ball
2-0: Fly out, F7 (Flyball, 78S)
Bottom of the 3rd over - 0 run(s), 0 hit(s), 0 error(s), 2 left on base; Chesapeake 1 - Lancaster 2
TOP OF THE 4TH
Chesapeake Continentals batting - Pitching for Lancaster Farmers : RHP Jurgen Sagebrecht
Batting: LHB Arturo Ballina 0-0: Swinging Strike
0-1: Ball
1-1: Ground out U3 (Groundball, 3S)
Batting: SHB Thomas Sherman 0-0: Called Strike
0-1: Ball
1-1: SINGLE (Line Drive, 6)
Batting: LHB Roberto Sánchez 0-0: Called Strike
0-1: Ball
1-1: Ball
2-1: Ball
3-1: Base on Balls
Thomas Sherman to second
Batting: RHB Ju-chan Pak 0-0: Ball
1-0: Fly out, F7 (Flyball, 78M)
Batting: RHB Miguel Cruz 0-0: SINGLE (Groundball, 25) (infield hit)
Thomas Sherman to third
Roberto Sánchez to second
Batting: LHB Kichisaburo Otani 0-0: Ball
1-0: SINGLE (Groundball, 4D)
Thomas Sherman scores
Roberto Sánchez to third
Miguel Cruz to second
Runner from 3rd tries for Home, SAFE, no throw or cutoff
Batting: RHB Gil Nichols 0-0: Foul Ball, location: 2F
0-1: Ground out 5-3 (Groundball, 56S)
Top of the 4th over - 2 run(s), 3 hit(s), 0 error(s), 2 left on base; Chesapeake 3 - Lancaster 2
BOTTOM OF THE 4TH
Lancaster Farmers batting - Pitching for Chesapeake Continentals : RHP Jim Unknown
Batting: RHB Chuck Wolf 0-0: Called Strike
0-1: Ball
1-1: Foul Ball, location: 2F
1-2: Foul Ball, location: 2F
1-2: Strikes out swinging
Batting: RHB Domenic Gallard 0-0: Called Strike
0-1: Ball
1-1: Ball
2-1: Ball
3-1: Called Strike
3-2: Base on Balls
Batting: LHB Ramón Gómez 0-0: Foul Ball, location: 2F
0-1: Ball
1-1: Ball
2-1: Ball
3-1: Base on Balls
Domenic Gallard to second
Batting: LHB Brad Tillman 0-0: Fly out, F6 (Popup, 6M)
Batting: RHB Barkley B. Cooltimes 0-0: Called Strike
0-1: Swinging Strike
0-2: Ball
1-2: SINGLE (Groundball, 56D)
Domenic Gallard to third
Ramón Gómez to second
Runner from 3rd tries for Home, SAFE, no throw or cutoff
Batting: LHB Rob Wilson 0-0: Ball
1-0: Ball
2-0: Swinging Strike
2-1: Swinging Strike
2-2: Ball
3-2: Strikes out swinging
Bottom of the 4th over - 1 run(s), 1 hit(s), 0 error(s), 2 left on base; Chesapeake 3 - Lancaster 3
TOP OF THE 5TH
Chesapeake Continentals batting - Pitching for Lancaster Farmers : RHP Jurgen Sagebrecht
Batting: LHB Cole Thrash 0-0: Called Strike
0-1: Ball
1-1: Swinging Strike
1-2: Ground out 4-3 (Groundball, 4)
Batting: RHB Mike Peterson 0-0: Ground out 6-3 (Groundball, 6M)
Batting: LHB Arturo Ballina 0-0: Fly out, F7 (Flyball, 7LS)
Top of the 5th over - 0 run(s), 0 hit(s), 0 error(s), 0 left on base; Chesapeake 3 - Lancaster 3
BOTTOM OF THE 5TH
Lancaster Farmers batting - Pitching for Chesapeake Continentals : RHP Jim Unknown
Batting: RHB Fred Meyer 0-0: Called Strike
0-1: SINGLE (Line Drive, 8LS)
Batting: RHB Sean MacKnight 0-0: Ball
1-0: Ball
2-0: Ball
3-0: Base on Balls
Fred Meyer to second
Pitching: RHP Martin Swanson
Batting: LHB Manny Valentín 0-0: Called Strike
0-1: Called Strike
0-2: Foul Ball, location: 2F
0-2: Fielders Choice at 2nd, 4-6 (Groundball, 4)
Fred Meyer to third
Batting: RHB Chuck Wolf 0-0: Ball
1-0: Called Strike
1-1: Ball
2-1: Ball
3-1: Swinging Strike
3-2: Base on Balls
Manny Valentín to second
Batting: RHB Domenic Gallard 0-0: Foul Ball, location: 2F
0-1: SINGLE (Line Drive, 9LS)
Fred Meyer scores
Manny Valentín to third
Chuck Wolf to second
Batting: LHB Ramón Gómez 0-0: Swinging Strike
0-1: Fly out, F7 (Flyball, 78M)
Runner from 3rd tags up, SCORES, no throw
Batting: LHB Brad Tillman 0-0: Swinging Strike
0-1: Ball
1-1: Fly out, F6 (Popup, 5F)
Bottom of the 5th over - 2 run(s), 2 hit(s), 0 error(s), 2 left on base; Chesapeake 3 - Lancaster 5
TOP OF THE 6TH
Chesapeake Continentals batting - Pitching for Lancaster Farmers : RHP Jurgen Sagebrecht
Batting: SHB Thomas Sherman 0-0: Called Strike
0-1: Ball
1-1: Ball
2-1: Foul Ball, location: 2F
2-2: Strikes out swinging
Batting: LHB Roberto Sánchez 0-0: Ball
1-0: Ball
2-0: Swinging Strike
2-1: Called Strike
2-2: Strikes out looking
Batting: RHB Ju-chan Pak 0-0: Ball
1-0: Called Strike
1-1: Called Strike
1-2: Ground out 6-3 (Groundball, 6M)
Top of the 6th over - 0 run(s), 0 hit(s), 0 error(s), 0 left on base; Chesapeake 3 - Lancaster 5
BOTTOM OF THE 6TH
Lancaster Farmers batting - Pitching for Chesapeake Continentals : RHP Martin Swanson
Batting: RHB Barkley B. Cooltimes 0-0: SINGLE (Groundball, 56)
Batting: LHB Rob Wilson 0-0: Sac Bunt - play at first, batter OUT! 1-4
Barkley B. Cooltimes to second
Batting: RHB Fred Meyer 0-0: Called Strike
0-1: Ball
1-1: SINGLE (Groundball, 56)
Barkley B. Cooltimes to third
Runner from 3rd tries for Home, SAFE, no throw or cutoff
Batting: RHB Sean MacKnight 0-0: Swinging Strike
0-1: Ball
1-1: Ball
2-1: Ball
3-1: Foul Ball, location: 2F
3-2: Foul Ball, location: 2F
3-2: Fly out, F9 (Flyball, 89M)
Batting: LHB Manny Valentín 0-0: Ball
1-0: Ball
2-0: Foul Ball, location: 2F
2-1: Ball
3-1: Called Strike
3-2: Foul Ball, location: 2F
3-2: Foul Ball, location: 2F
3-2: Base on Balls
Fred Meyer to second
Batting: RHB Chuck Wolf 0-0: Swinging Strike
0-1: Ball
1-1: Ball
2-1: Swinging Strike
2-2: Ball
3-2: Strikes out swinging
Bottom of the 6th over - 1 run(s), 2 hit(s), 0 error(s), 2 left on base; Chesapeake 3 - Lancaster 6
TOP OF THE 7TH
Chesapeake Continentals batting - Pitching for Lancaster Farmers : RHP Jurgen Sagebrecht
Batting: RHB Miguel Cruz 0-0: Ball
1-0: Ball
2-0: Foul Ball, location: 2F
2-1: Ball
3-1: Base on Balls
Batting: LHB Kichisaburo Otani 0-0: Bunt missed!
0-1: Sac Bunt - play at first, batter OUT! 1-4
Miguel Cruz to second
Batting: RHB Gil Nichols 0-0: Called Strike
0-1: Ball
1-1: Called Strike
1-2: Ball
2-2: Strikes out swinging
Batting: LHB Cole Thrash 0-0: Fly out, F5 (Line Drive, 5)
Top of the 7th over - 0 run(s), 0 hit(s), 0 error(s), 1 left on base; Chesapeake 3 - Lancaster 6
BOTTOM OF THE 7TH
Lancaster Farmers batting - Pitching for Chesapeake Continentals : RHP Martin Swanson
Batting: RHB Domenic Gallard 0-0: Fly out, F8 (Flyball, 8RS)
Batting: LHB Ramón Gómez 0-0: Foul Ball, location: 2F
0-1: Ground out 1-3 (Groundball, 13S)
Batting: LHB Brad Tillman 0-0: Ball
1-0: Swinging Strike
1-1: Swinging Strike
1-2: Fly out, F7 (Flyball, 78M)
Bottom of the 7th over - 0 run(s), 0 hit(s), 0 error(s), 0 left on base; Chesapeake 3 - Lancaster 6
TOP OF THE 8TH
Chesapeake Continentals batting - Pitching for Lancaster Farmers : RHP Jurgen Sagebrecht
Pitching: RHP Jim Unknown
Batting: RHB Mike Peterson 0-0: Called Strike
0-1: Swinging Strike
0-2: Foul Ball, location: 2F
0-2: Ball
1-2: Ball
2-2: Foul Ball, location: 2F
2-2: Foul Ball, location: 2F
2-2: Ball
3-2: Foul Ball, location: 2F
3-2: DOUBLE (Flyball, 78XD)
Batting: LHB Arturo Ballina 0-0: Called Strike
0-1: Ball
1-1: Foul Ball, location: 2F
1-2: Foul Ball, location: 2F
1-2: Ground out 4-3 (Groundball, 34)
Mike Peterson to third
Batting: SHB Thomas Sherman 0-0: Ball
1-0: Ball
2-0: Ball
3-0: Called Strike
3-1: DOUBLE (Line Drive, 8LXD)
Mike Peterson scores
Batting: LHB Roberto Sánchez 0-0: Ball
1-0: Swinging Strike
1-1: Ball
2-1: Ball
3-1: Base on Balls
Pinch Runner at 2nd John Robertson:
Batting: RHB Ju-chan Pak 0-0: Called Strike
0-1: SINGLE (Groundball, 5D)
John Robertson to third
Roberto Sánchez to second
Runner from 3rd tries for Home, SAFE, no throw or cutoff
Pinch Hitting: SHB Dominique Prost 0-0: SINGLE (Groundball, 4M)
Roberto Sánchez to third
Ju-chan Pak to second
Runner from 3rd tries for Home, SAFE, no throw or cutoff
Pitching: RHP Jim Unknown
Batting: LHB Kichisaburo Otani 0-0: Ball
1-0: Ball
2-0: Fly out, F9 (Line Drive, 89M)
Batting: RHB Gil Nichols 0-0: Called Strike
0-1: Called Strike
0-2: Ball
1-2: Foul Ball, location: 2F
1-2: Ball
2-2: Strikes out looking
Top of the 8th over - 3 run(s), 4 hit(s), 0 error(s), 2 left on base; Chesapeake 6 - Lancaster 6
BOTTOM OF THE 8TH
Lancaster Farmers batting - Pitching for Chesapeake Continentals : RHP Martin Swanson
Now at SS: Harlan Price
Now in LF: John Robertson
Batting: RHB Barkley B. Cooltimes 0-0: Ball
1-0: SINGLE (Line Drive, 8LS)
Pitching: LHP Héctor Rodríguez
Batting: LHB Rob Wilson 0-0: Ball
1-0: Ball
2-0: Sac Bunt - play at first, batter OUT! 2-4
Barkley B. Cooltimes to second
Batting: RHB Fred Meyer 0-0: Intentional Walk
Batting: RHB Sean MacKnight 0-0: Ball
1-0: Grounds into double play, 6-4-3 (Groundball, 6)
Bottom of the 8th over - 0 run(s), 1 hit(s), 0 error(s), 1 left on base; Chesapeake 6 - Lancaster 6
TOP OF THE 9TH
Chesapeake Continentals batting - Pitching for Lancaster Farmers : RHP Jim Unknown
Pitching: LHP Norberto Quintana
Batting: LHB Cole Thrash 0-0: Called Strike
0-1: Ball
1-1: Ball
2-1: Foul Ball, location: 2F
2-2: Foul Ball, location: 2F
2-2: Ball
3-2: Ground out 4-3 (Groundball, 4)
Batting: RHB Mike Peterson 0-0: Foul Ball, location: 2F
0-1: Called Strike
0-2: Ball
1-2: Ball
2-2: SINGLE (Groundball, 56)
Batting: LHB Arturo Ballina 0-0: Foul Ball, location: 2F
0-1: Ball
1-1: Ball
2-1: Ball
3-1: Called Strike
3-2: Strikes out looking
Mike Peterson is caught stealing 2nd base
Batter strikes out.
Top of the 9th over - 0 run(s), 1 hit(s), 0 error(s), 0 left on base; Chesapeake 6 - Lancaster 6
BOTTOM OF THE 9TH
Lancaster Farmers batting - Pitching for Chesapeake Continentals : LHP Héctor Rodríguez
Pinch Hitting: RHB Rodrigo Velasco 0-0: SINGLE (Groundball, 2R) (infield hit)
Batting: RHB Chuck Wolf 0-0: Ball
1-0: Ball
2-0: Sac Bunt - play at first, batter OUT! 1-4
Rodrigo Velasco to second
Batting: RHB Domenic Gallard 0-0: Intentional Walk
Pinch Hitting: RHB António Jiménez 0-0: Swinging Strike
0-1: Fly out, F3 (Popup, 34S)
Pinch Hitting: RHB Eric Howard 0-0: Foul Ball, location: 2F
0-1: Swinging Strike
0-2: Ball
1-2: Strikes out swinging
Bottom of the 9th over - 0 run(s), 1 hit(s), 0 error(s), 2 left on base; Chesapeake 6 - Lancaster 6
TOP OF THE 10TH
Chesapeake Continentals batting - Pitching for Lancaster Farmers : LHP Norberto Quintana
Now at 1B: Eric Howard
Now at 3B: António Jiménez
Now in CF: Jim Unknown
Pinch Hitting: SHB Vince Barrowcliff 0-0: SINGLE (Groundball, 5D)
Batting: LHB Roberto Sánchez 0-0: Ball
1-0: Called Strike
1-1: Swinging Strike
1-2: Ball
2-2: Ball
3-2: Strikes out swinging
Batting: RHB Ju-chan Pak 0-0: Called Strike
0-1: Ball
1-1: Fly out, F7 (Flyball, 78M)
Batting: LHB Harlan Price 0-0: Called Strike
0-1: Ball
1-1: Called Strike
1-2: Ground out U3 (Groundball, 3S)
Top of the 10th over - 0 run(s), 1 hit(s), 0 error(s), 1 left on base; Chesapeake 6 - Lancaster 6
BOTTOM OF THE 10TH
Lancaster Farmers batting - Pitching for Chesapeake Continentals : LHP Héctor Rodríguez
Now in LF: Walter Hurlson
Batting: RHB Barkley B. Cooltimes 0-0: Called Strike
0-1: Foul Ball, location: 2F
0-2: Ball
1-2: Foul Ball, location: 2F
1-2: Ground out 1-3 (Groundball, 25)
Batting: LHB Rob Wilson 0-0: Swinging Strike
0-1: Ball
1-1: Foul Ball, location: 2F
1-2: SOLO HOME RUN (Flyball, 9LD), Distance : 340 ft
This league is powered by Out of the Park Baseball, the baseball management simulation game for PC, Mac and Linux
Friday, July 8th, 2016 - OOTP Baseball 16.9 Build 39